 Dungeon Crawl Stone Soup version 0.19.4-9-g45fd643 (webtiles) character file.

303 nono the Chiller (level 6, -14/46 HPs)
             Began as a Ghoul Wanderer on Feb 16, 2017.
             Was an Initiate of Hepliaklqana.
             Demolished by an orc warrior
             ... wielding a +0 hand axe
              (19 damage)
             ... on level 6 of the Dungeon.
             The game lasted 00:11:07 (2737 turns).

nono the Chiller (Ghoul Wanderer)                   Turns: 2737, Time: 00:11:08

Health: -14/46     AC:  8    Str: 18    XL:     6   Next: 38%
Magic:  6/6        EV:  9    Int:  9    God:    Hepliaklqana [......]
Gold:   123        SH:  0    Dex:  8    Spells: 1 memorised, 6 levels left

rFire  . . .     SeeInvis .       - Unarmed
rCold  + . .     Gourm    .     e - +0 scale mail
rNeg   + + +     Faith    .     (no shield)
rPois  ∞         Spirit   .     (no helmet)
rElec  .         Reflect  .     (no cloak)
rCorr  .         Harm     .     m - +0 pair of gloves
MR     .....                    l - +0 pair of boots
Stlth  ..........               (no amulet)
                                (no ring)
                                q - +2 ring of intelligence

@: rotting
A: rotting body, reduced essence, claws 1, carnivore 3, cold resistance 1,
negative energy resistance 3, slow regeneration 1, torment resistance,
unbreathing
a: Recall Ancestor, Ancestor Identity, Renounce Religion


You were on level 6 of the Dungeon.
You worshipped Hepliaklqana.
Hepliaklqana was noncommittal.
You were not hungry.

You visited 1 branch of the dungeon, and saw 5 of its levels.

You collected 123 gold pieces.

Inventory:

Missiles
 t - 2 javelins (quivered)
Armour
 d - a +0 robe
 e - a +0 scale mail (worn)
 l - a +0 pair of boots (worn)
 m - a +0 pair of gloves (worn)
 r - a +0 buckler
Jewellery
 q - a +2 ring of intelligence (left hand)
Wands
 i - a wand of iceblast (4/15)
Scrolls
 h - 2 scrolls of remove curse {unknown}
 k - 3 scrolls of teleportation {unknown}
 n - a scroll of random uselessness {unknown}
 o - 2 scrolls of recharging
 p - 2 scrolls of magic mapping {unknown}
 u - a scroll of enchant armour {unknown}
Potions
 g - 2 potions of lignification
 j - a potion of cancellation
Books
 a - a book of Minor Magic

   Spells                             Type                      Level
   a - Magic Dart                     Conjuration                  1
   b - Blink                          Translocation                2
   c - Call Imp                       Summoning                    2
   d - Repel Missiles                 Charms/Air                   2
   e - Slow                           Hexes                        2
   f - Conjure Flame                  Conjuration/Fire             3
   g - Mephitic Cloud                 Conjuration/Poison/Air       3
 b - the Reference Book on Necromancy

   Spells                             Type                      Level
   a - Pain                           Necromancy                   1
   b - Vampiric Draining              Necromancy                   3
 c - Plog's Collected Works on Cold

   Spells                             Type                      Level
   a - Freeze                         Ice                          1
   b - Ozocubu's Armour               Charms/Ice                   3
Comestibles
 f - 2 meat rations
 v - a royal jelly
 w - a beef jerky


   Skills:
 + Level 4.2 Fighting
 - Level 1.1 Stealth
 - Level 1.0 Shields
 - Level 5.0 Unarmed Combat
 - Level 1.0 Spellcasting
   Level 1.0 Necromancy
   Level 1.0 Transmutations
 - Level 5.4 Ice Magic


You had 6 spell levels left.
You knew the following spells:

 Your Spells              Type           Power        Failure   Level  Hunger
a - Freeze                Ice            ##..         14%         1    ##.....


Dungeon Overview and Level Annotations

Branches:
Dungeon (7/15)
 Temple: D:4-7

Altars:
Fedhas
Hepliaklqana
Nemelex Xobeh
Okawaru

Annotations:
D:7 Prince Ribbit


Innate Abilities, Weirdness & Mutations

Your body is rotting away.
You thrive on raw meat.
You are immune to poison.
You have sharp fingernails.
You are carnivorous and can eat meat at any time.
Your flesh is cold resistant. (rC+)
You are immune to negative energy. (rN+++)
You regenerate slowly when monsters are visible.
You are immune to unholy pain and torment.
You can survive without breathing.
Your life essence is reduced. (-10% HP)


Message History

You see here a morningstar.
The killer bee stings you.
* * * LOW HITPOINT WARNING * * *
Evoke which item? (* to show all) (? for menu, Esc to quit)
Zapping:
i - a wand of iceblast (will waste charges)
Press: ? - help, Shift-Dir - straight line The mass of ice explodes!
The iceblast engulfs the orc warrior.
The orc warrior is lightly wounded.
The iceblast engulfs the killer bee.
You kill the killer bee!
Your Fighting skill increases to level 4!
Evoking this partially-identified wand wasted a few charges.
Unknown command.
Found a stone staircase leading up.
There is a stone staircase leading up here.
The orc throws a tomahawk.
The tomahawk hits you.
* * * LOW HITPOINT WARNING * * *
You see here a tomahawk.
The orc warrior hits you with a hand axe!!
You die...

.)## ## #.# .## #.#
..# #.# ..# #.# ..#
#.# ..# #o# ..# #.#
##########..#
#.######..(.o..o@..#
#......<.#########.#
########## .. ##


You could see an orc warrior and an orc.

Vanquished Creatures
  A killer bee (D:6)
  A bullfrog zombie (D:6)
  An orc priest (D:3)
  An iguana (D:6)
  2 worker ants (D:6)
  3 adders
  An ooze (D:2)
  2 dart slugs (D:1)
  3 leopard geckos
  6 orcs
  2 giant cockroaches
  10 goblins
  8 hobgoblins
  7 jackals
  11 kobolds
  2 ball pythons (D:1)
  5 bats
  3 frilled lizards
  A leopard gecko skeleton (D:3)
  5 rats
75 creatures vanquished.

Vanquished Creatures (collateral kills)
  An orc (D:6)
1 creature vanquished.

Vanquished Creatures (others)
  2 ancestors (D:6)
2 creatures vanquished.

Grand Total: 78 creatures vanquished

Notes
Turn   | Place    | Note
-------+----------+-------------------------------------------
     0 | D:1      | nono the Ghoul Wanderer began the quest for the Orb.
     0 | D:1      | nono set off with: a book of Minor Magic, the Reference Book on Necromancy, Plog's Collected Works on Cold, a +0 robe, a +0 club, a meat ration
     0 | D:1      | Reached XP level 1. HP: 14/14 MP: 1/1
     0 | D:1      | Identified the Reference Book on Necromancy
     0 | D:1      | Identified Plog's Collected Works on Cold
     2 | D:1      | Learned a level 1 spell: Freeze
   128 | D:1      | Reached skill level 1 in Unarmed Combat
   183 | D:1      | Reached XP level 2. HP: 15/20 MP: 2/2
   433 | D:1      | Reached XP level 3. HP: 20/26 MP: 3/3
  1213 | D:2      | Found a sparkling altar of Nemelex Xobeh.
  1310 | D:2      | Reached XP level 4. HP: 30/33 MP: 4/4
  1618 | D:3      | Reached XP level 5. HP: 38/38 MP: 5/5
  1765 | D:3      | Reached skill level 5 in Unarmed Combat
  1794 | D:3      | Found an iron altar of Okawaru.
  1945 | D:3      | Found a blossoming altar of Fedhas.
  2100 | D:3      | You fall through a shaft for 3 floors!
  2126 | D:6      | Reached skill level 1 in Fighting
  2242 | D:6      | Noticed an orc warrior
  2269 | D:6      | Reached XP level 6. HP: 42/51 MP: 6/6
  2336 | D:6      | Found a hazy altar of Hepliaklqana.
  2342 | D:6      | Became a worshipper of Hepliaklqana the Forgotten
  2688 | D:7      | Noticed Prince Ribbit
  2737 | D:6      | Demolished by an orc warrior

Skill      XL: |  1  2  3  4  5  6 |
---------------+-------------------+-----
Unarmed Combat | 1 2 3 4 5 |  5.0
Fighting       | 3 4 |  4.2
Stealth        | |  1.1
Shields        | |  1.0
Spellcasting   | |  1.0
Necromancy     | |  1.0
Transmutations | |  1.0
Ice Magic      | |  5.4

Action                   |  1- 3 |  4- 6 || total
-------------------------+-------+-------++-------
Melee: Unarmed           |   143 |   135 ||   278
       Punch             |     1 |       ||     1
Evoke: Wand              |       |     1 ||     1
  Use: Scroll            |       |     4 ||     4
       Potion            |       |     2 ||     2
  Eat: Chunk             |     9 |    14 ||    23
Armor: Scale mail        |    87 |    70 ||   157
Dodge: Dodged            |    86 |    66 ||   152
